[Event "23rd OIBM 2019"]
[Site "Gmund am Tegernsee"]
[Date "2019.10.26"]
[Round "1.31"]
[White "Yugina, Maria"]
[Black "Smith, Bryan"]
[Result "0-1"]
[ECO "A02"]
[WhiteElo "2112"]
[BlackElo "2430"]
[Annotator "NA RC"]
[PlyCount "90"]
[EventDate "2019.10.17"]
[EventType "swiss"]
[EventCountry "GER"]
[SourceTitle "playchess.com"]
[Source "ChessBase"]
[SourceQuality "1"]
[TimeControl "40/5400+30:1800+30"]

1. f4 c5 2. Nf3 g6 3. g3 Bg7 4. Bg2 d5 5. O-O Nh6 6. d3 d4 7. Qe1 Nc6 8. e4 dxe3 9. Qxe3 Nd4 10. Na3 Nhf5 11. Qe1 Nxf3+ 12. Rxf3 h5 13. Nc4 h4 14. Ne5 hxg3 15. hxg3 Be6 16. Nxg6 Bd4+ 17. Kf1 Rg8 18. Nh4 Nxh4 19. gxh4 Qd7 20. Rg3 O-O-O 21. Be3 Bd5 22. Bxd4 cxd4 23. Bh3 e6 24. Qf2 Qe7 25. Rg5 Kb8 26. Re1 Qb4 27. b3 Qd6 28. Qg3 Rxg5 29. Qxg5 Ka8 30. h5 f6 31. Qh4 a6 32. Re2 e5 33. f5 Qc6 34. Bg2 Bxg2+ 35. Rxg2 Qf3+ 36. Kg1 Rh8 37. Qxf6 Qd1+ 38. Kf2 Qxc2+ 39. Kg1 Qc1+ 40. Kf2 Qe3+ 41. Kf1 Qxd3+ 42. Re2 Qf3+ 43. Ke1 Rg8 44. Rxe5 Rg1+ 45. Kd2 Qd1# 0-1

[Event "23rd OIBM 2019"]
[Site "Gmund am Tegernsee"]
[Date "2019.10.26"]
[Round "1.32"]
[White "Braeuer, Franz"]
[Black "Freundorfer, Josef"]
[Result "1/2-1/2"]
[ECO "C45"]
[WhiteElo "2429"]
[BlackElo "2111"]
[Annotator "NA RC"]
[PlyCount "101"]
[EventDate "2019.10.17"]
[EventType "swiss"]
[EventCountry "GER"]
[SourceTitle "playchess.com"]
[Source "ChessBase"]
[SourceQuality "1"]
[TimeControl "40/5400+30:1800+30"]

1. e4 e5 2. Nf3 Nc6 3. d4 exd4 4. Nxd4 Bc5 5. Nb3 Bb6 6. Nc3 Qf6 7. Qe2 Nge7 8. h4 h6 9. g4 Nd4 10. Nxd4 Bxd4 11. Bd2 Qb6 12. O-O-O d6 13. f4 Bd7 14. Qf3 O-O-O 15. Bc4 Rhf8 16. Bb3 Bc6 17. Rhe1 Kb8 18. Be3 Bxe3+ 19. Rxe3 Rde8 20. Qg3 Qc5 21. Red3 a6 22. g5 hxg5 23. hxg5 Ng6 24. Bd5 Re7 25. Rd4 Bxd5 26. Nxd5 Ree8 27. a3 Ne7 28. Nc3 Nc6 29. Rd5 Qb6 30. Kb1 Ne7 31. R5d2 Rh8 32. Re2 Qc5 33. Qg4 Qc6 34. Ree1 Ng6 35. Rh1 Ne7 36. Qg2 Ng6 37. Qf2 Qd7 38. Rxh8 Rxh8 39. e5 Rh4 40. Ne2 Qf5 41. exd6 cxd6 42. Qb6 Qc5 43. Qxc5 dxc5 44. f5 Ne5 45. Rd5 Re4 46. Nc3 Re1+ 47. Ka2 b6 48. Rd8+ Kb7 49. Rg8 Rf1 50. Rxg7 Rxf5 51. b3 1/2-1/2

[Event "23rd OIBM 2019"]
[Site "Gmund am Tegernsee"]
[Date "2019.10.26"]
[Round "1.34"]
[White "Morawietz, Dieter"]
[Black "Thiel, Fabian"]
[Result "1/2-1/2"]
[ECO "D80"]
[WhiteElo "2419"]
[BlackElo "2109"]
[Annotator "NA"]
[PlyCount "68"]
[EventDate "2019.10.17"]
[EventType "swiss"]
[EventCountry "GER"]
[SourceTitle "playchess.com"]
[Source "ChessBase"]
[SourceQuality "1"]
[TimeControl "40/5400+30:1800+30"]

1. d4 Nf6 2. c4 g6 3. Nc3 d5 4. Bg5 Ne4 5. Bh4 Nxc3 6. bxc3 dxc4 7. e3 Be6 8. Be2 Bg7 9. Nh3 c6 10. Nf4 Bd5 11. Qb1 Qc7 12. O-O O-O 13. Bg3 e5 14. dxe5 Nd7 15. e4 Be6 16. Nxe6 fxe6 17. Bxc4 Rae8 18. f4 b5 19. Be2 g5 20. Bh5 Rd8 21. Bg4 gxf4 22. Bxe6+ Kh8 23. Rxf4 Bxe5 24. Rg4 Nf6 25. Rg5 Qb6+ 26. Bf2 Bxh2+ 27. Kxh2 Qxf2 28. Qe1 Qf4+ 29. Qg3 Qxg3+ 30. Rxg3 Nxe4 31. Re3 Ng5 32. Bb3 Rd2 33. Rd1 Rxd1 34. Bxd1 Kg7 1/2-1/2

[Event "23rd OIBM 2019"]
[Site "Gmund am Tegernsee"]
[Date "2019.10.26"]
[Round "1.35"]
[White "Schnicke, Robert"]
[Black "Meins, Gerlef"]
[Result "0-1"]
[ECO "B62"]
[WhiteElo "2108"]
[BlackElo "2415"]
[Annotator "NA"]
[PlyCount "72"]
[EventDate "2019.10.17"]
[EventType "swiss"]
[EventCountry "GER"]
[SourceTitle "playchess.com"]
[Source "ChessBase"]
[SourceQuality "1"]
[TimeControl "40/5400+30:1800+30"]

1. e4 c5 2. Nf3 Nc6 3. d4 cxd4 4. Nxd4 Nf6 5. Nc3 d6 6. Bg5 e6 7. h3 Be7 8. Qd2 Nxe4 9. Nxe4 Bxg5 10. Nxg5 Nxd4 11. Ne4 Nf5 12. g4 d5 13. gxf5 dxe4 14. Qb4 Qe7 15. Bb5+ Kf8 16. Qd4 exf5 17. Rg1 Rg8 18. O-O-O Be6 19. Kb1 g6 20. Rg3 a6 21. Be2 Rc8 22. Rc3 Rxc3 23. Qxc3 f6 24. Bc4 Bxc4 25. Qxc4 Kg7 26. Qb3 Rc8 27. h4 Rc7 28. Qd5 Qc5 29. Qxc5 Rxc5 30. Rd7+ Kh6 31. Rxb7 f4 32. Re7 e3 33. f3 Re5 34. Rxe5 fxe5 35. Kc1 g5 36. hxg5+ Kxg5 0-1

[Event "23rd OIBM 2019"]
[Site "Gmund am Tegernsee"]
[Date "2019.10.26"]
[Round "1.36"]
[White "Badelka, Olga"]
[Black "Schrems, Hermann"]
[Result "1-0"]
[ECO "D82"]
[WhiteElo "2413"]
[BlackElo "2108"]
[Annotator "NA"]
[PlyCount "91"]
[EventDate "2019.10.17"]
[EventType "swiss"]
[EventCountry "GER"]
[SourceTitle "playchess.com"]
[Source "ChessBase"]
[SourceQuality "1"]
[TimeControl "40/5400+30:1800+30"]

1. c4 Nf6 2. Nc3 g6 3. d4 d5 4. Bf4 Bg7 5. e3 c5 6. dxc5 Qa5 7. Rc1 Ne4 8. Nge2 dxc4 9. Qa4+ Qxa4 10. Nxa4 Nc6 11. Rxc4 f5 12. f3 Be6 13. Rc1 Nf6 14. Nec3 O-O 15. Bb5 Nb4 16. a3 Nbd5 17. Nxd5 Nxd5 18. Bc4 Nxf4 19. exf4 Bxc4 20. Rxc4 Rfd8 21. Ke2 e5 22. fxe5 Bxe5 23. f4 Bc7 24. Nc3 Rd7 25. Rd1 Re8+ 26. Kf3 Rxd1 27. Nxd1 Kf7 28. Ne3 Rd8 29. Ra4 a6 30. Rb4 Rb8 31. g3 Ke6 32. h3 Bd8 33. Rd4 Be7 34. Rc4 b5 35. Rc2 Rd8 36. b4 Rd7 37. g4 Bd8 38. gxf5+ gxf5 39. c6 Rf7 40. Rc5 Bc7 41. Rd5 Bd6 42. Rd1 Rc7 43. Nxf5 Be5 44. Re1 Kxf5 45. Rxe5+ Kf6 46. Rc5 1-0

[Event "23rd OIBM 2019"]
[Site "Gmund am Tegernsee"]
[Date "2019.10.26"]
[Round "1.38"]
[White "Gschnitzer, Adrian"]
[Black "Proschmann, Tino"]
[Result "1-0"]
[ECO "B48"]
[WhiteElo "2412"]
[BlackElo "2106"]
[Annotator "NA"]
[PlyCount "67"]
[EventDate "2019.10.17"]
[EventType "swiss"]
[EventCountry "GER"]
[SourceTitle "playchess.com"]
[Source "ChessBase"]
[SourceQuality "1"]
[TimeControl "40/5400+30:1800+30"]

1. e4 c5 2. Nf3 e6 3. d4 cxd4 4. Nxd4 Nc6 5. Nc3 Qc7 6. Be3 a6 7. Bd3 Nf6 8. O-O Nxd4 9. Bxd4 Bc5 10. Be2 d6 11. a4 Bd7 12. f4 Qb6 13. Bxc5 Qxc5+ 14. Kh1 Bc6 15. Bf3 O-O 16. Qe1 Rad8 17. Rd1 Rfe8 18. Rf2 d5 19. Rfd2 dxe4 20. Rxd8 exf3 21. Rxe8+ Nxe8 22. h3 h6 23. Kh2 fxg2 24. Rd3 Nf6 25. Qe3 Qb4 26. Rd8+ Kh7 27. Qd3+ g6 28. Qd4 Qe7 29. b4 Kg7 30. b5 axb5 31. axb5 Bd5 32. Qb6 Qb4 33. Qd6 Qd4 34. Qf8+ 1-0

[Event "23rd OIBM 2019"]
[Site "Gmund am Tegernsee"]
[Date "2019.10.26"]
[Round "1.39"]
[White "Astengo, Corrado"]
[Black "Manu David Suthandram R"]
[Result "1/2-1/2"]
[ECO "B32"]
[WhiteElo "2105"]
[BlackElo "2403"]
[Annotator "NA"]
[PlyCount "59"]
[EventDate "2019.10.17"]
[EventType "swiss"]
[EventCountry "GER"]
[SourceTitle "playchess.com"]
[Source "ChessBase"]
[SourceQuality "1"]
[TimeControl "40/5400+30:1800+30"]

1. e4 c5 2. Nf3 Nc6 3. d4 cxd4 4. Nxd4 e5 5. Nb5 d6 6. N1c3 a6 7. Na3 Be6 8. Nc4 Nf6 9. Bg5 Nd4 10. Bd3 Be7 11. Bxf6 Bxf6 12. Ne3 Bg5 13. Ncd5 O-O 14. O-O Rc8 15. c3 Nc6 16. Qe2 Ne7 17. Bc4 Bxe3 18. Nxe3 Qc7 19. Bb3 Qc6 20. Qd3 Rfd8 21. Rad1 Qb6 22. Qc2 a5 23. Rd2 Rc5 24. Rfd1 Qc6 25. Nd5 Bxd5 26. Bxd5 Nxd5 27. Rxd5 Rxd5 28. Rxd5 b6 29. Qd3 f6 30. Qd1 1/2-1/2

[Event "23rd OIBM 2019"]
[Site "Gmund am Tegernsee"]
[Date "2019.10.26"]
[Round "1.40"]
[White "Miller, Eduard"]
[Black "Hallmann, Norbert"]
[Result "1-0"]
[ECO "A10"]
[WhiteElo "2402"]
[BlackElo "2105"]
[Annotator "NA RC"]
[PlyCount "91"]
[EventDate "2019.10.17"]
[EventType "swiss"]
[EventCountry "GER"]
[SourceTitle "playchess.com"]
[Source "ChessBase"]
[SourceQuality "1"]
[TimeControl "40/5400+30:1800+30"]

1. c4 f5 2. Nc3 Nf6 3. d4 e6 4. Nf3 Be7 5. d5 d6 6. dxe6 Bxe6 7. Nd4 Bd7 8. g3 Nc6 9. Bg2 O-O 10. O-O Qe8 11. Re1 Qh5 12. Ndb5 Rac8 13. c5 dxc5 14. Nd5 Nxd5 15. Qxd5+ Qf7 16. Nxa7 Be6 17. Nxc6 Bxd5 18. Bxd5 bxc6 19. Bxf7+ Kxf7 20. e4 fxe4 21. Rxe4 Rb8 22. a4 Rb4 23. Rxb4 cxb4 24. b3 Bf6 25. Ra2 Rd8 26. Kg2 Rd3 27. a5 Bd4 28. Rd2 Rxd2 29. Bxd2 c5 30. a6 c4 31. bxc4 b3 32. Bc1 g6 33. Bb2 Ba7 34. f4 Ke6 35. g4 Kd6 36. f5 gxf5 37. gxf5 Kc6 38. f6 Bc5 39. f7 Bf8 40. Bd4 b2 41. Bxb2 Kb6 42. Kf3 Kxa6 43. Ke4 Kb7 44. Kd5 c6+ 45. Ke6 Kc8 46. Be5 1-0

[Event "23rd OIBM 2019"]
[Site "Gmund am Tegernsee"]
[Date "2019.10.26"]
[Round "1.41"]
[White "Ries, Berthold"]
[Black "Wolf, Vincent"]
[Result "1-0"]
[ECO "B09"]
[WhiteElo "1854"]
[BlackElo "1491"]
[Annotator "NA RC"]
[PlyCount "120"]
[EventDate "2019.10.17"]
[EventType "swiss"]
[EventCountry "GER"]
[SourceTitle "playchess.com"]
[Source "ChessBase"]
[SourceQuality "1"]
[TimeControl "40/5400+30:1800+30"]

1. e4 d6 2. d4 Nf6 3. Nc3 g6 4. f4 Bg7 5. Nf3 O-O 6. Bd3 a6 7. a4 Nc6 8. O-O Bg4 9. Be3 Nh5 10. Be2 e5 11. fxe5 dxe5 12. d5 Ne7 13. h3 Bd7 14. Nh2 Ng3 15. Rf3 Nxe2+ 16. Qxe2 f5 17. Bc5 b6 18. Ba3 c5 19. dxc6 Bxc6 20. Rd3 Qc7 21. Bd6 Qb7 22. Re1 fxe4 23. Nxe4 Rf4 24. Nc3 Nd5 25. Nxd5 Bxd5 26. Bxe5 Re4 27. Re3 Bxe5 28. Rxe4 Bxe4 29. Qxe4 Qxe4 30. Rxe4 Bxb2 31. Rb4 Ba3 32. Rc4 Bc5+ 33. Kf1 Rf8+ 34. Nf3 Re8 35. a5 Ra8 36. Ne5 Rf8+ 37. Nf3 Rb8 38. Ke2 Ba3 39. Ra4 Bf8 40. c4 Bc5 41. axb6 Rxb6 42. Kd3 Rb2 43. Ke4 Rxg2 44. Rxa6 Rg3 45. h4 Rg4+ 46. Kd5 Bf2 47. c5 Rf4 48. c6 Rf8 49. c7 Bg3 50. Ne5 Re8 51. Re6 Ra8 52. Rc6 Rc8 53. Ke6 Bxe5 54. Kxe5 Kg7 55. Kd6 Kh6 56. Rc5 Rf8 57. c8=Q Rxc8 58. Rxc8 Kh5 59. Rc4 h6 60. Ke5 g5 1-0

[Event "23rd OIBM 2019"]
[Site "Gmund am Tegernsee"]
[Date "2019.10.26"]
[Round "1.42"]
[White "Walter, Thomas"]
[Black "Piscopo, Pierluigi"]
[Result "1/2-1/2"]
[ECO "B41"]
[WhiteElo "2102"]
[BlackElo "2398"]
[Annotator "NA"]
[PlyCount "46"]
[EventDate "2019.10.17"]
[EventType "swiss"]
[EventCountry "GER"]
[SourceTitle "playchess.com"]
[Source "ChessBase"]
[SourceQuality "1"]
[TimeControl "40/5400+30:1800+30"]

1. e4 c5 2. Nf3 e6 3. d4 cxd4 4. Nxd4 a6 5. Qf3 Bc5 6. Nb3 Be7 7. Nc3 Nc6 8. a3 Nf6 9. Bf4 d6 10. h3 Qc7 11. Be2 Rb8 12. Qg3 b5 13. Rd1 b4 14. Bxd6 Bxd6 15. Rxd6 bxc3 16. Rxe6+ Kd8 17. Qxg7 Ne8 18. Qxh8 Bxe6 19. Qxc3 Ne5 20. Qd2+ Qd6 21. Qa5+ Qc7 22. Qd2+ Qd6 23. Qa5+ Qc7 1/2-1/2

[Event "23rd OIBM 2019"]
[Site "Gmund am Tegernsee"]
[Date "2019.10.26"]
[Round "1.44"]
[White "Fehmer, Dirk"]
[Black "Atakisi, Umut"]
[Result "1/2-1/2"]
[ECO "A04"]
[WhiteElo "2099"]
[BlackElo "2393"]
[Annotator "NA"]
[PlyCount "51"]
[EventDate "2019.10.17"]
[EventType "swiss"]
[EventCountry "GER"]
[SourceTitle "playchess.com"]
[Source "ChessBase"]
[SourceQuality "1"]
[TimeControl "40/5400+30:1800+30"]

1. Nf3 c5 2. c4 Nc6 3. g3 e5 4. Nc3 g6 5. Bg2 Bg7 6. Rb1 Nge7 7. O-O d6 8. a3 a5 9. Ne1 Be6 10. d3 O-O 11. Nc2 d5 12. cxd5 Nxd5 13. Ne3 Nde7 14. Bd2 Rb8 15. Nb5 b6 16. b4 axb4 17. axb4 Nxb4 18. Bxb4 cxb4 19. Rxb4 Bh6 20. Nc4 Nd5 21. Rb3 Bg7 22. Qb1 Qd7 23. Nba3 Qa7 24. Nb5 Qd7 25. Nba3 Qa7 26. Nb5 1/2-1/2

[Event "23rd OIBM 2019"]
[Site "Gmund am Tegernsee"]
[Date "2019.10.27"]
[Round "2.4"]
[White "Gareyev, Timur"]
[Black "Faerber, David"]
[Result "1-0"]
[ECO "A06"]
[WhiteElo "2591"]
[BlackElo "2332"]
[Annotator "ChessBase"]
[PlyCount "77"]
[EventDate "2019.10.17"]
[EventType "swiss"]
[EventCountry "GER"]
[SourceTitle "playchess.com"]
[Source "ChessBase"]
[SourceQuality "1"]
[TimeControl "40/5400+30:1800+30"]

1. Nf3 d5 2. e3 Nf6 3. c4 c6 4. b3 Bf5 5. Nh4 Bg4 6. f3 Bc8 7. f4 g6 8. Bb2 Bg7 9. Be2 O-O 10. O-O b6 11. Nf3 Bb7 12. Ne5 Nbd7 13. Bf3 Ne8 14. d4 Nd6 15. Nc3 Nf6 16. Qe2 e6 17. Rad1 Qc7 18. Rc1 Qe7 19. Ba3 Rfc8 20. Rfd1 Qd8 21. g4 Bf8 22. Bb2 Qe7 23. Qg2 Rd8 24. h4 Rac8 25. h5 Bg7 26. hxg6 hxg6 27. Ba3 Qe8 28. g5 Nh7 29. Kf2 Nf5 30. Rh1 c5 31. Rh3 cxd4 32. Rch1 dxe3+ 33. Kg1 dxc4 34. Rxh7 e2 35. Qxe2 Bxf3 36. Qxf3 cxb3 37. Qh3 bxa2 38. Rxg7+ Kxg7 39. Qh7# 1-0

[Event "23rd OIBM 2019"]
[Site "Gmund am Tegernsee"]
[Date "2019.10.27"]
[Round "2.5"]
[White "Santagati, Alessandro"]
[Black "Azarov, Sergei"]
[Result "0-1"]
[ECO "A45"]
[WhiteElo "2288"]
[BlackElo "2586"]
[Annotator "ChessBase"]
[PlyCount "80"]
[EventDate "2019.10.17"]
[EventType "swiss"]
[EventCountry "GER"]
[SourceTitle "playchess.com"]
[Source "ChessBase"]
[SourceQuality "1"]
[TimeControl "40/5400+30:1800+30"]

1. d4 Nf6 2. Bf4 c5 3. e3 Nd5 4. Bxb8 Rxb8 5. e4 Nf4 6. Qf3 Ng6 7. dxc5 e6 8. Qg3 Ra8 9. h4 h5 10. Nc3 Bxc5 11. Nb5 O-O 12. Nc7 Qf6 13. c3 Rb8 14. Nf3 d6 15. Nb5 e5 16. Qg5 d5 17. Qxf6 gxf6 18. exd5 a6 19. b4 Be7 20. d6 axb5 21. dxe7 Nxe7 22. O-O-O Be6 23. Kb2 Bc4 24. Bxc4 bxc4 25. Nd2 b5 26. Ne4 Rb6 27. Rh3 f5 28. Rg3+ Ng6 29. Nc5 Re8 30. Rg5 Rf6 31. Nd7 Ra6 32. Rxf5 Rea8 33. Nf6+ Kg7 34. Nxh5+ Kh6 35. Ra1 Rd6 36. Kc2 Rad8 37. Re1 Rd2+ 38. Kb1 Ra8 39. Ng3 Rdxa2 40. Rh5+ Kg7 0-1

[Event "23rd OIBM 2019"]
[Site "Gmund am Tegernsee"]
[Date "2019.10.27"]
[Round "2.7"]
[White "Koelle, Tobias"]
[Black "Peralta, Fernando"]
[Result "0-1"]
[ECO "E06"]
[WhiteElo "2281"]
[BlackElo "2569"]
[Annotator "ChessBase"]
[PlyCount "84"]
[EventDate "2019.10.17"]
[EventType "swiss"]
[EventCountry "GER"]
[SourceTitle "playchess.com"]
[Source "ChessBase"]
[SourceQuality "1"]
[TimeControl "40/5400+30:1800+30"]

1. d4 Nf6 2. c4 e6 3. g3 d5 4. Nf3 Be7 5. Bg2 O-O 6. O-O c6 7. Qc2 b6 8. Rd1 Nbd7 9. Bf4 Ba6 10. cxd5 Nxd5 11. Nc3 Rc8 12. Rac1 Nxf4 13. gxf4 Bb7 14. Ne5 Nb8 15. f5 exf5 16. Qxf5 g6 17. Qh3 Rc7 18. Rd2 Bf6 19. Rcd1 Bg7 20. Qg3 Nd7 21. Ne4 Nf6 22. Nxf6+ Bxf6 23. Qb3 Qc8 24. f4 Bg7 25. e4 Re8 26. Nc4 Bf8 27. e5 Qd8 28. Qg3 Bb4 29. Rd3 Ba6 30. b3 Kh8 31. Be4 Qe7 32. Qg2 Qe6 33. Rc1 Rd8 34. Qf2 f5 35. Bg2 Rcd7 36. Rcd1 Bxc4 37. bxc4 Qxc4 38. Kh1 Bc5 39. e6 Qxe6 40. Bf3 Qf6 41. Kg2 Bxd4 42. Qc2 c5 0-1

[Event "23rd OIBM 2019"]
[Site "Gmund am Tegernsee"]
[Date "2019.10.27"]
[Round "2.8"]
[White "Idani, Pouya"]
[Black "Dobrikov, Marco"]
[Result "1-0"]
[ECO "B53"]
[WhiteElo "2568"]
[BlackElo "2291"]
[Annotator "ChessBase"]
[PlyCount "87"]
[EventDate "2019.10.17"]
[EventType "swiss"]
[EventCountry "GER"]
[SourceTitle "playchess.com"]
[Source "ChessBase"]
[SourceQuality "1"]
[TimeControl "40/5400+30:1800+30"]

1. e4 c5 2. Nf3 d6 3. d4 cxd4 4. Qxd4 e5 5. Bb5+ Nd7 6. Qe3 Ngf6 7. O-O a6 8. Be2 Be7 9. c4 O-O 10. Nc3 b6 11. Rd1 Bb7 12. b3 Nc5 13. Bd3 Qc7 14. Bb2 Rac8 15. Bc2 Ne6 16. a4 Bc6 17. Rd2 a5 18. Rad1 Nc5 19. Ba3 Qb7 20. Re2 Ng4 21. Qd2 Nf6 22. Qe1 Bd7 23. h3 Bc6 24. Bc1 h6 25. Nh4 Rfd8 26. Nf5 Bf8 27. f3 Kh7 28. Nd5 Bxd5 29. exd5 g6 30. Ng3 Re8 31. h4 Bg7 32. h5 Qd7 33. Ba3 e4 34. hxg6+ fxg6 35. Bxc5 exf3 36. Rxe8 Rxe8 37. Be3 f2+ 38. Qxf2 Ng4 39. Bxg6+ Kxg6 40. Qc2+ Kf7 41. Bxb6 Kg8 42. Qf5 Qxf5 43. Nxf5 Rb8 44. Bd4 1-0

[Event "23rd OIBM 2019"]
[Site "Gmund am Tegernsee"]
[Date "2019.10.27"]
[Round "2.9"]
[White "de Francesco, Klaus"]
[Black "Bernadskiy, Vitaliy"]
[Result "0-1"]
[ECO "A81"]
[WhiteElo "2276"]
[BlackElo "2554"]
[Annotator "ChessBase"]
[PlyCount "64"]
[EventDate "2019.10.17"]
[EventType "swiss"]
[EventCountry "GER"]
[SourceTitle "playchess.com"]
[Source "ChessBase"]
[SourceQuality "1"]
[TimeControl "40/5400+30:1800+30"]

1. d4 f5 2. g3 Nf6 3. Bg2 g6 4. Nf3 Bg7 5. O-O O-O 6. c4 b6 7. Nc3 Bb7 8. d5 Na6 9. Nd4 Nc5 10. b4 Nce4 11. Nxe4 Nxe4 12. Be3 e5 13. Nb3 Nf6 14. c5 e4 15. d6 cxd6 16. cxb6 Nd5 17. Bd4 axb6 18. f3 Qe7 19. a4 Ne3 20. Bxe3 exf3 21. Bxf3 Qxe3+ 22. Kg2 Bxf3+ 23. Rxf3 Qe4 24. Rc1 Rfe8 25. Qxd6 Qxe2+ 26. Rf2 Qe4+ 27. Kg1 Bh6 28. Nd2 Qe6 29. Qxe6+ dxe6 30. Re2 Rxa4 31. Rc6 Ra2 32. Rd6 Rc8 0-1

[Event "23rd OIBM 2019"]
[Site "Gmund am Tegernsee"]
[Date "2019.10.27"]
[Round "2.10"]
[White "Mons, Leon"]
[Black "Markmann, Ulrich"]
[Result "1-0"]
[ECO "C41"]
[WhiteElo "2552"]
[BlackElo "2279"]
[Annotator "ChessBase"]
[PlyCount "63"]
[EventDate "2019.10.17"]
[EventType "swiss"]
[EventCountry "GER"]
[SourceTitle "playchess.com"]
[Source "ChessBase"]
[SourceQuality "1"]
[TimeControl "40/5400+30:1800+30"]

1. e4 d6 2. d4 Nf6 3. Nc3 e5 4. Nf3 Nbd7 5. Bc4 Be7 6. a4 O-O 7. O-O c6 8. a5 Nxe4 9. Nxe4 d5 10. Re1 exd4 11. Bxd5 cxd5 12. Ng3 Nb8 13. Nxd4 Nc6 14. Nh5 g6 15. Nf4 Bf6 16. Be3 Nxa5 17. b3 b6 18. Qf3 Bb7 19. Rad1 Rc8 20. Qg4 Bg7 21. c4 Bxd4 22. Bxd4 Nxb3 23. Bb2 Rxc4 24. Qg3 Nc5 25. Bd4 Ne4 26. Qe3 Qg5 27. f3 Nd6 28. h4 Qxh4 29. Qe5 Rxd4 30. Rxd4 Ne4 31. Nd3 Ba6 32. fxe4 1-0

[Event "23rd OIBM 2019"]
[Site "Gmund am Tegernsee"]
[Date "2019.10.27"]
[Round "2.11"]
[White "Pieper, Thomas"]
[Black "Shevchenko, Kirill"]
[Result "0-1"]
[ECO "B94"]
[WhiteElo "2272"]
[BlackElo "2542"]
[Annotator "ChessBase"]
[PlyCount "78"]
[EventDate "2019.10.17"]
[EventType "swiss"]
[EventCountry "GER"]
[SourceTitle "playchess.com"]
[Source "ChessBase"]
[SourceQuality "1"]
[TimeControl "40/5400+30:1800+30"]

1. e4 c5 2. Nf3 d6 3. d4 cxd4 4. Nxd4 Nf6 5. Nc3 a6 6. Bg5 Nbd7 7. Qe2 e6 8. f4 Qc7 9. O-O-O b5 10. a3 Bb7 11. g4 Be7 12. Rg1 h6 13. Bh4 Rb8 14. Be1 Nc5 15. Bg2 g5 16. fxg5 hxg5 17. Bg3 Ncd7 18. Rgf1 Ne5 19. h3 Nfd7 20. Qf2 Rh7 21. Nd5 exd5 22. exd5 Qc4 23. Qf5 Rg7 24. Nc6 Rc8 25. Kb1 Nxc6 26. dxc6 Bxc6 27. Bxc6 Rxc6 28. Rf2 Qe6 29. Qf3 Ne5 30. Qe4 Rc4 31. Qa8+ Qc8 32. Qd5 Qe6 33. Qa8+ Qc8 34. Qd5 Rc5 35. Qe4 Qc6 36. Qe2 Rd5 37. Rdf1 Qc4 38. Qe3 Qd4 39. Qe2 Nc4 0-1

[Event "23rd OIBM 2019"]
[Site "Gmund am Tegernsee"]
[Date "2019.10.27"]
[Round "2.12"]
[White "Nasuta, Grzegorz"]
[Black "Koellner, Ruben Gideon"]
[Result "1-0"]
[ECO "C41"]
[WhiteElo "2534"]
[BlackElo "2265"]
[Annotator "ChessBase"]
[PlyCount "49"]
[EventDate "2019.10.17"]
[EventType "swiss"]
[EventCountry "GER"]
[SourceTitle "playchess.com"]
[Source "ChessBase"]
[SourceQuality "1"]
[TimeControl "40/5400+30:1800+30"]

1. e4 d6 2. d4 Nf6 3. Nc3 e5 4. Nf3 Nbd7 5. Bc4 Be7 6. a4 O-O 7. O-O exd4 8. Qxd4 Nb6 9. Ba2 a5 10. h3 Nfd7 11. Be3 Nc5 12. Rad1 Bd7 13. e5 Ncxa4 14. exd6 cxd6 15. Ne4 d5 16. Bxd5 Nxd5 17. Qxd5 Bc6 18. Qe5 Qe8 19. Nd4 Nxb2 20. Nf5 f6 21. Nxe7+ Kh8 22. Qxb2 Bxe4 23. Bc5 Rf7 24. f3 b6 25. Bd6 1-0

[Event "23rd OIBM 2019"]
[Site "Gmund am Tegernsee"]
[Date "2019.10.27"]
[Round "2.14"]
[White "Marin, Mihail"]
[Black "Kueppers, Timo"]
[Result "0-1"]
[ECO "A00"]
[WhiteElo "2524"]
[BlackElo "2250"]
[Annotator "ChessBase"]
[PlyCount "78"]
[EventDate "2019.10.17"]
[EventType "swiss"]
[EventCountry "GER"]
[SourceTitle "playchess.com"]
[Source "ChessBase"]
[SourceQuality "1"]
[TimeControl "40/5400+30:1800+30"]

1. g3 c5 2. Bg2 Nf6 3. f4 d5 4. Nf3 g6 5. O-O Bg7 6. d3 O-O 7. Qe1 d4 8. Na3 Nc6 9. c4 e5 10. Nxe5 Nxe5 11. fxe5 Ng4 12. Nc2 a5 13. e6 fxe6 14. Rxf8+ Qxf8 15. h3 Nf6 16. Qf2 e5 17. Bg5 Ra6 18. Rf1 h6 19. Bd2 Qe7 20. e3 e4 21. exd4 exd3 22. Ne3 cxd4 23. Nd5 Nxd5 24. Bxd5+ Be6 25. Re1 Qd7 26. Rxe6 Rxe6 27. Qf3 Kh7 28. Bxe6 Qxe6 29. Qxd3 Qxh3 30. Bxa5 h5 31. Be1 h4 32. Bf2 Be5 33. Qf3 hxg3 34. Qxb7+ Kh6 35. Be1 Bf4 36. Qg2 Be3+ 37. Kf1 Qf5+ 38. Ke2 Qc2+ 39. Kf3 Qd1+ 0-1

[Event "23rd OIBM 2019"]
[Site "Gmund am Tegernsee"]
[Date "2019.10.27"]
[Round "2.16"]
[White "Gukesh D"]
[Black "Ciolek, Andreas"]
[Result "1-0"]
[ECO "B06"]
[WhiteElo "2520"]
[BlackElo "2238"]
[Annotator "ChessBase"]
[PlyCount "55"]
[EventDate "2019.10.17"]
[EventType "swiss"]
[EventCountry "GER"]
[SourceTitle "playchess.com"]
[Source "ChessBase"]
[SourceQuality "1"]
[TimeControl "40/5400+30:1800+30"]

1. e4 g6 2. d4 Bg7 3. Nc3 d6 4. Be3 a6 5. Qd2 b5 6. h4 Nf6 7. f3 h5 8. O-O-O c6 9. Kb1 Qa5 10. a3 Nbd7 11. Nh3 c5 12. dxc5 Nxc5 13. e5 Nfd7 14. Nd5 Qxd2 15. Rxd2 Rb8 16. exd6 exd6 17. Nb4 O-O 18. Nc6 Rb7 19. Ne7+ Kh8 20. Ng5 Nb6 21. Rxd6 Rxe7 22. Bxc5 Re1+ 23. Ka2 Na4 24. Bb4 Rc1 25. Rd2 Re8 26. Bxb5 Rxh1 27. Bxe8 Nxb2 28. Rd8 1-0

[Event "23rd OIBM 2019"]
[Site "Gmund am Tegernsee"]
[Date "2019.10.27"]
[Round "2.17"]
[White "Rasch, Holger"]
[Black "Asadli, Vugar"]
[Result "0-1"]
[ECO "B06"]
[WhiteElo "2236"]
[BlackElo "2513"]
[Annotator "RC"]
[PlyCount "156"]
[EventDate "2019.10.17"]
[EventType "swiss"]
[EventCountry "GER"]
[SourceTitle "playchess.com"]
[Source "ChessBase"]
[SourceQuality "1"]
[TimeControl "40/5400+30:1800+30"]

1. e4 g6 2. d4 Bg7 3. Nc3 d6 4. Nf3 a6 5. a4 Nf6 6. Be2 O-O 7. O-O Nc6 8. h3 e6 9. Be3 b6 10. Qd2 Bb7 11. Rad1 Ne7 12. Bd3 c5 13. Bh6 Qc7 14. Bxg7 Kxg7 15. e5 dxe5 16. dxe5 Nfd5 17. Nxd5 Bxd5 18. Be2 Rad8 19. Qf4 Bb7 20. Nh2 Nf5 21. Ng4 h6 22. Ne3 Rfe8 23. Rxd8 Rxd8 24. Rd1 Rxd1+ 25. Bxd1 Qd7 26. Nxf5+ exf5 27. Be2 a5 28. b3 g5 29. Qe3 f4 30. Qc3 Kf8 31. Bg4 Qd4 32. Qxd4 cxd4 33. Bf5 Ke7 34. f3 Ba6 35. Kf2 f6 36. exf6+ Kxf6 37. Be4 Ke5 38. Ke1 Kd6 39. Bf5 Kc5 40. Kd2 Kb4 41. Bd3 Bc8 42. Bb5 Ka3 43. Bc4 Kb2 44. Bb5 Be6 45. Ba6 Ka3 46. Bd3 Kb4 47. Ba6 Kc5 48. Bd3 Kd6 49. Ba6 Ke5 50. Bd3 Bd5 51. Bb5 Bf7 52. Bd3 h5 53. Be2 Bd5 54. Bf1 Be6 55. Be2 Bc8 56. Bd3 Bb7 57. Be2 g4 58. hxg4 hxg4 59. Bd1 g3 60. Be2 Bd5 61. Bd1 Be6 62. Be2 Kd6 63. Kd3 Ke5 64. Kd2 Bf7 65. Bb5 Bd5 66. Be2 Kd6 67. Kd3 Kc5 68. Kd2 Be6 69. Bd3 Kb4 70. Bb5 Bd5 71. Be2 Bb7 72. Bf1 Ka3 73. Be2 Kb2 74. Bf1 d3 75. Kxd3 Ba6+ 76. c4 Kxb3 77. Ke4 Kxa4 78. Kxf4 Kb4 0-1